 Dungeon Crawl Stone Soup version 0.32-a0-995-gb4a59205af (webtiles) character file.

Game seed: 9717566878745651882

34 GiantSquids the Ruffian (level 3, 0/26 HPs)
             Began as an Octopode Cinder Acolyte on Apr 23, 2024.
             Was a High Priest of Ignis.
             Succumbed to an adder's poison
             ... on level 2 of the Dungeon.
             The game lasted 00:02:52 (1364 turns).

GiantSquids the Ruffian (Octopode Cinder Acolyte)   Turns: 1364, Time: 00:02:52

Health: 0/26       AC:  1    Str: 15    XL:     3   Next: 31%
Magic:  4/4        EV: 11    Int: 16    God:    Ignis [*****.]
Gold:   53         SH:  5    Dex:  7    Spells: 4/4 levels left

rFire   + . .        i - +2 sling (freeze)
rCold   . . .        (no shield)
rNeg    . . .        (helmet restricted)
rPois   .            n - amulet of reflection
rElec   .            (no ring)
rCorr   .            (no ring)
SInv    .            (no ring)
Will    .....        (no ring)
Stlth   +++          (no ring)
HPRegen 0.24/turn    (no ring)
MPRegen 0.09/turn    (no ring)
                     (no ring)

%: reflection
@: lethally poisoned (0 -> -5)
A: almost no armour, amphibious, 8 rings, camouflage 1, gelatinous body 1,
(nimble swimmer 1), tentacles
a: Renounce Religion, Fiery Armour, Foxfire Swarm, Rising Flame


You were on level 2 of the Dungeon.
You worshipped Ignis.
Ignis was extremely pleased with you.
You visited 1 branch of the dungeon, and saw 2 of its levels.

You collected 53 gold pieces.

Inventory:

Hand Weapons
 i - a +2 sling of freezing (weapon)
Missiles
 e - 17 stones
Jewellery
 n - an amulet of reflection (around mantle)
Scrolls
 a - 5 scrolls of identify {unknown}
 b - 2 scrolls of teleportation {unknown}
 j - a scroll of fog {unknown}
 k - a scroll of fear {unknown}
Potions
 c - 2 potions of resistance {unknown}
 d - 2 potions of lignification {unknown}
 f - a potion of heal wounds {unknown}
 g - 2 potions of curing {unknown}
 h - a potion of cancellation {unknown}
 l - a potion of brilliance {unknown}
 m - a potion of might {unknown}


   Skills:
 - Level 3.0 Fighting
 + Level 2.2 Stealth
 * Level 3.9 Unarmed Combat
 - Level 1.0 Spellcasting
 - Level 3.0 Fire Magic


You had 4 spell levels left.
You didn't know any spells.
Your spell library contained the following spells:

 Spells                   Type           Power      Damage    Failure   Level
 Scorch                   Fire           20%        2d5       10%         2
 Stone Arrow              Conj/Erth      0%         3d7       56%         3
 Seismic Cannonade        Alch/Erth      0%         6d4       100%        7
 Lehudib's Crystal Spear  Conj/Erth      0%         10d2      100%        8
 Animate Armour           Summ/Erth      Unusable   N/A       N/A         4

Dungeon Overview and Level Annotations

Branches:
Dungeon (2/15)

Altars:
Wu Jian


Innate Abilities, Weirdness & Mutations

You cannot wear most types of armour.
You are amphibious.
You can wear up to eight rings at the same time.
Your skin changes colour to match your surroundings (Stealth+).
Your rubbery body absorbs attacks. (AC +1, EV +1)
((You are camouflaged when in or above water. (Stealth+)))
You have tentacles for arms and can constrict up to eight enemies at once.


Message History

The sling bullet barely misses the adder.
You feel sick. The adder bites you. The adder closely misses you.
You shoot a sling bullet.
The sling bullet closely misses the adder.
You feel sick. The adder closely misses you.
You shoot a sling bullet.
The sling bullet barely misses the adder.
You feel sick.
You are no longer poisoned.
The adder bites you. You block the adder's attack.
You shoot a sling bullet.
The sling bullet closely misses the adder.
The adder bites you but does no damage. The adder bites you.
You are poisoned.
The adder poisons you!
You shoot a sling bullet. The sling bullet misses the adder.
You feel very sick. You block the adder's attack. The adder barely misses you.
You shoot a sling bullet.
The sling bullet closely misses the adder.
You feel sick. The adder closely misses you. The adder completely misses you.
You shoot a sling bullet. The sling bullet misses the adder.
You feel sick. The adder bites you.
* * * LOW HITPOINT WARNING * * *
You shoot a sling bullet.
The sling bullet barely misses the adder.
You feel sick. The adder bites you.
* * * LOW HITPOINT WARNING * * *
The adder barely misses you.
You shoot a sling bullet.
The sling bullet closely misses the adder.
You feel sick.
You are no longer poisoned.
The adder bites you.
* * * LOW HITPOINT WARNING * * *
You are lethally poisoned!
The adder poisons you! The adder misses you.
You shoot a sling bullet. The sling bullet misses the adder.
You die...
Ignis goes out, and joins you in death.

#.# #.# ####### #.#
.....# #.# ....# #.#
#..# #.#####
##..######.#...##
#........#......###
#..@####............
#..S# #........####
#...# #.......##
.....# #......##
......# ###.####
#....... #)#
#....>... #+#
##.......


You could see an adder.

Vanquished Creatures
  A ribbon worm (D:2)
  2 ball pythons
  5 endoplasms (D:1)
  A giant cockroach (D:1)
  2 goblins
  A hobgoblin (D:1)
  2 jackals (D:1)
  A quokka (D:1)
  2 bats (D:1)
  4 frilled lizards
  8 kobolds
  A rat (D:2)
30 creatures vanquished.

Notes
Turn   | Place    | Note
-------+----------+-------------------------------------------
     0 | D:1      | GiantSquids the Octopode Cinder Acolyte began the quest for
                  | the Orb.
     0 | D:1      | Reached XP level 1. HP: 16/16 MP: 2/2
   293 | D:1      | Reached skill level 1 in Stealth
   298 | D:1      | Reached XP level 2. HP: 21/21 MP: 3/3
   682 | D:1      | Reached XP level 3. HP: 23/26 MP: 4/4
  1018 | D:2      | Found an ornate altar of the Wu Jian Council.
  1364 | D:2      | Succumbed to an adder's poison

Illustrated notes

Levels and vault maps discovered:
D:1:      wheals_arrival_shading, layout_basic
D:2:      layout_loops_corners, basic_altar

Skill      XL: |  1  2  3 |
---------------+----------+-----
Stealth        | 1 2 |  2.2
Fighting       | |  3.0
Unarmed Combat | |  3.9
Spellcasting   | |  1.0
Fire Magic     | |  3.0

Action                     || total
---------------------------++-------
  Melee: Unarmed           ||    52
         Constrict         ||     8
         Tentacles         ||     9
         Punch             ||     1
   Fire: Sling             ||    24
   Stab: Sleeping          ||     4
 Armour: Skin              ||    29
  Dodge: Dodged            ||    53
  Block: Other             ||     3

Table legend: (Time is in decaauts)
 A = Elapsed time spent in this place.
 B = Non-inter-level travel time spent in this place.
 C = Inter-level travel time spent in this place.
 D = Time resting spent in this place.
 E = Time spent auto-exploring this place.
 F = Levels seen in this place.
 G = Mean time per level.
                   A        B        C        D        E       F      G
               +--------+--------+--------+--------+--------+-----+--------+
         Total |   1368 |   1329 |     39 |      0 |   1094 |   2 |  684.0 |
       Dungeon |   1368 |   1329 |     39 |      0 |   1094 |   2 |  684.0 |
               +--------+--------+--------+--------+--------+-----+--------+

Top non-repeatable levels by time:
     D:1: 904 daAuts
     D:2: 464 daAuts
